 Dungeon Crawl Stone Soup version 0.31-a0-1206-g41278d8d1d (webtiles) character file.

Game seed: 350834068550279854

2604 ytrimaz the Shooter (level 9, -5/91 HPs)
             Began as a Demonspawn Hunter on Dec 13, 2023.
             Was an Initiate of Gozag.
             Slain by an orc warrior
             ... wielding a +0 war axe
              (12 damage)
             ... in a bailey.
             The game lasted 00:09:58 (4142 turns).

ytrimaz the Shooter (Demonspawn Hunter)             Turns: 4142, Time: 00:09:59

Health: -5/91      AC: 10    Str: 12    XL:     9   Next: 33%
Magic:  18/18      EV: 14    Int: 20    God:    Gozag
Gold:   514        SH:  0    Dex: 16    Spells: 20/20 levels left

rFire   . . .        p - +0 dagger (venom)
rCold   . . .        (no shield)
rNeg    . . .        s - +0 acid dragon scales
rPois   +            (no helmet)
rElec   .            (no cloak)
rCorr   +            e - +0 pair of gloves
SInv    .            d - +0 pair of boots
Will    .....        g - amulet of regeneration Stlth
                     j - +6 ring of intelligence
HPRegen 1.15/turn    k - ring of poison resistance
MPRegen 0.32/turn

%: no passive effects
@: mighty, berserking, very quick
A: slimy green scales 1, magic regeneration, demonic magic 2
a: Renounce Religion, Potion Petition, Call Merchant, Bribe Branch


You were in a bailey.
You worshipped Gozag.
Gozag was pleased with you.
You visited 1 branch of the dungeon, and saw 5 of its levels.
You also visited: Bailey.

You collected 704 gold pieces.
You spent 107 gold pieces at shops.
You paid 83 gold pieces to Gozag.


Innate Abilities, Weirdness & Mutations

You are partially covered in slimy green scales. (AC +2)
You regenerate magic rapidly.
Spells you cast may paralyse nearby enemies.


   Skills:
 - Level 2.0 Fighting
 + Level 7.8 Ranged Weapons
 + Level 6.9 Dodging
 - Level 0.8 Stealth
 + Level 6.4 Spellcasting


You had 20 spell levels left.
You didn't know any spells.
Your spell library contained the following spells:

 Spells                   Type           Power      Damage    Failure   Level
 Lesser Beckoning         Tloc           12%        N/A       22%         2
 Gell's Gravitas          Tloc           6%         N/A       41%         3
 Teleport Other           Tloc           6%         N/A       41%         3
 Tukima's Dance           Hex            6%         N/A       41%         3
 Passage of Golubria      Tloc           6%         N/A       83%         4
 Yara's Violent Unravell  Hex/Tmut       3%         3d4       99%         5

Inventory:

Hand Weapons
 a - a +1 shortbow
 o - a +3 whip of electrocution
   (You found it on level 7 of the Dungeon)
 p - a +0 dagger of venom (weapon)
   (You found it on level 2 of the Dungeon)
Armour
 c - a +1 leather armour
 d - a +0 pair of boots (worn)
   (You found it on level 2 of the Dungeon)
 e - a +0 pair of gloves (worn)
   (You found it on level 1 of the Dungeon)
 s - +0 acid dragon scales (worn)
   (You took it off Maggie on level 7 of the Dungeon)
Jewellery
 g - an amulet of regeneration (around neck)
   (You found it on level 1 of the Dungeon)
 j - a +6 ring of intelligence (left hand)
   (You found it on level 1 of the Dungeon)
 k - a ring of poison resistance (right hand)
   (You found it on level 1 of the Dungeon)
 m - a ring of fire
   (You found it on level 1 of the Dungeon)
Wands
 B - a wand of mindburst (18)
   (You found it on level 4 of the Dungeon)
Scrolls
 l - a scroll of fog
 n - 2 scrolls of poison
 u - a scroll of teleportation
Potions
 b - 2 potions of brilliance
 f - 2 potions of curing
 q - 2 potions of cancellation {unknown}
 t - a potion of might
 v - a potion of mutation {unknown}
 w - a potion of ambrosia {unknown}
 x - a potion of enlightenment {unknown}
 A - a potion of heal wounds {unknown}

Dungeon Overview and Level Annotations

Branches:
Dungeon (7/15) Zot: 25987  Bailey (1/1) Zot: 5818
 Temple: D:4-7

Altars:
Dithmenos
Gozag
Sif Muna

Shops:
D:2

*=!* ##~.......~##
#####~~.......~~#
#....~~.......~~.
#.###~~.......~~#
#....~~.......~~.
#.###~~.......~~#
#....~~.......~~.
#.###~~Ko.....~~###
#....~~@o.....~~..
#.###~~.o.....~~###
#....~(.......~~...
#####~~.......~~#
##~.......~##
####...#### #(.(#
#.))# #...#


You could see 3 orc warriors and a kobold brigand.


Message History

The orc warrior hits your orc warrior with a +0 war axe.
Your orc warrior dies! 😎 HP[+1]
Your hp is fully restored (61).
There is an open gate here.
Aiming: Charm
Press: ? - help, Q - select action, (/) - cycle Shift-Dir - straight line, f - orc warrior
Aim: an orc warrior, wielding a +0 war axe and wearing a +0 chain mail (lightly wounded, chance to affect: 49%)
The orc warrior resists with some effort.
Aiming: Charm
Press: ? - help, Q - select action, (/) - cycle Shift-Dir - straight line, f/p - orc warrior
Aim: an orc warrior, wielding a +0 war axe and wearing a +0 chain mail (lightly wounded, chance to affect: 49%)
The orc warrior resists with some effort.
The now-empty wand crumbles to dust.
Unknown command.
The orc warrior misses you.
The orc warrior attacks as it pursues you!
The orc warrior hits you with a +0 war axe! 😕 HP[-9]
You take 9 damage, and now have 52/61 hp. 😕 HP[+1] 😕 HP[+1] 😕 HP[+1]
You feel very mighty all of a sudden. 😕 HP[+1]
Your +0 dagger of venom begins to drip with poison!
p - a +0 dagger of venom (weapon)
The orc warrior hits you with a +0 war axe! 😕 HP[-8]
You take 8 damage, and now have 48/61 hp.
You hit the orc warrior.
The orc warrior is poisoned.
The orc warrior hits you with a +0 war axe!
The kobold brigand hits you with a +0 war axe! 😮 HP[-16]
You take 16 damage, and now have 32/61 hp.
MASSIVE DAMAGE!! (PAUSE)
You barely miss the orc warrior.
The kobold brigand hits you with a +0 war axe.
* * * LOW HITPOINT WARNING * * *
😨 HP[-2]
You take 2 damage, and now have 30/61 hp.
The orc warrior hits you but does no damage.
The orc warrior hits you with a +0 war axe!
* * * LOW HITPOINT WARNING * * *
The orc warrior misses you.
The kobold brigand closely misses you. 😨 HP[-6]
You take 6 damage, and now have 24/61 hp.
Unknown command.
Unknown command.
Okay, then.
The orc warrior attacks as it pursues you!
The orc warrior barely misses you.
The kobold brigand hits you with a +0 war axe.
* * * LOW HITPOINT WARNING * * *
😨 HP[-2]
You take 2 damage, and now have 22/61 hp. 😨 HP[+2]
You regained 2 hp, and now have 24/61 hp.
A red film seems to cover your vision as you go berserk!
You feel yourself moving faster!
You feel mighty! The orc warrior completely misses you.
The orc warrior barely misses you.
The kobold brigand hits you with a +0 war axe.
* * * LOW HITPOINT WARNING * * *
The orc warrior closely misses you. 😨 HP[+6]
You now have 91 max hp (+30).
You regained 6 hp, and now have 30/91 hp.
Unknown command.
You closely miss the orc warrior. The orc warrior misses you.
The orc warrior closely misses you.
The kobold brigand barely misses you. 😨 HP[+1] Unknown command.
You hit the orc warrior.
The orc warrior looks even sicker.
The orc warrior closely misses you. 😨 HP[+1]
You completely miss the orc warrior.
The orc warrior hits you with a +0 battleaxe!
* * * LOW HITPOINT WARNING * * *
The orc warrior misses you. The kobold brigand misses you.
The orc warrior barely misses you. 😱 HP[-13]
You take 13 damage, and now have 19/91 hp.
Unknown command.
You hit the orc warrior.
The orc warrior looks as sick as possible!
The orc warrior barely misses you. x2
The kobold brigand hits you with a +0 war axe.
* * * LOW HITPOINT WARNING * * *
😱 HP[-2]
You take 2 damage, and now have 17/91 hp.
You hit the orc warrior.
The orc warrior hits you with a +0 war axe!
* * * LOW HITPOINT WARNING * * *
😱 HP[-11]
You take 11 damage, and now have 6/91 hp.
Unknown command.
You hit the orc warrior. The orc warrior misses you.
The orc warrior hits you with a +0 war axe!
You die...
Your body crumbles into a pile of gold.

Skill      XL: |  1  2  3  4  5  6  7  8  9 |
---------------+----------------------------+-----
Dodging        | 2 3 4 5 6 |  6.9
Ranged Weapons | 4 5 6 7 |  7.8
Spellcasting   | 1 3 4 5 6 |  6.4
Fighting       | |  2.0
Stealth        | |  0.8

Action                     |  1- 3 |  4- 6 |  7- 9 || total
---------------------------+-------+-------+-------++-------
  Melee: Dagger            |       |    40 |   103 ||   143
         Punch             |       |     1 |     6 ||     7
   Fire: Shortbow          |    62 |   160 |   122 ||   344
  Evoke: Wand              |       |       |    15 ||    15
    Use: Scroll            |     6 |     4 |     6 ||    16
         Potion            |       |     1 |     7 ||     8
   Stab: Sleeping          |       |       |     1 ||     1
 Armour: Leather armour    |     9 |    66 |    86 ||   161
         Skin              |       |    32 |     5 ||    37
         Acid dragon scale |       |       |    36 ||    36
  Dodge: Dodged            |     9 |    78 |   174 ||   261

Levels and vault maps discovered:
D:1:      roderic_crossed_star, layout_basic, chequers_serial_rivers_micro_c
D:2:      minmay_door_path, layout_basic, basic_altar, serial_shops,
          nicolae_lakefront_shop, shop, nicolae_shop_peninsula,
          nicolae_diamond_shop, minmay_heptomino_l4, uniq_terence
D:3:      layout_loops_ring, chequers_ecumenical_altar_twisty, hex_tiny
D:4:      layout_cave_pools, nicolae_overflow_squiral, dreamdust_wishing_well,
          minmay_starry_boxes, uniq_pikel, uniq_grinder
D:7:      layout_loops_ring, lemuel_crystal_altar, enter_bailey_8,
          kennysheep_minor_cross, corexii_leaking_fountain, uniq_maurice,
          uniq_maggie
Bailey:   bailey_axe_3, bailey

Notes
Turn   | Place    | Note
-------+----------+-------------------------------------------
     0 | D:1      | ytrimaz the Demonspawn Hunter began the quest for the Orb.
     0 | D:1      | Reached XP level 1. HP: 16/16 MP: 1/1
     0 | D:1      | magus.rc [v1.9.6]
   294 | D:1      | Reached skill level 2 in Dodging
   407 | D:1      | Gained mutation: Spells you cast may paralyse adjacent
                  | enemies. [demonic ancestry]
   407 | D:1      | Reached XP level 2. HP: 22/22 MP: 2/2
   894 | D:2      | Reached skill level 4 in Ranged Weapons
   952 | D:2      | Reached XP level 3. HP: 27/27 MP: 2/4
  1154 | D:2      | Found Azxotwoli's Assorted Antiques.
  1162 | D:2      | Bought a scroll labelled ZACEMI SIKO for 20 gold pieces
  1162 | D:2      | Bought a white potion for 18 gold pieces
  1162 | D:2      | Bought a puce potion for 18 gold pieces
  1162 | D:2      | Bought a sedimented grey potion for 18 gold pieces
  1263 | D:2      | Found Omney's Distillery.
  1331 | D:2      | Reached skill level 1 in Spellcasting
  1399 | D:2      | Found Hatela Hehu's General Store.
  1405 | D:2      | Bought a potion of lignification for 33 gold pieces
  1531 | D:2      | Noticed Terence
  1539 | D:2      | Killed Terence
  1540 | D:2      | Gained mutation: You are partially covered in slimy green
                  | scales. (AC +2) [demonic ancestry]
  1540 | D:2      | Reached XP level 4. HP: 33/33 MP: 4/6
  1759 | D:2      | Found Ati Voka's Jewellery Boutique.
  2105 | D:3      | Reached skill level 3 in Dodging
  2180 | D:3      | Reached XP level 5. HP: 38/38 MP: 7/7
  2297 | D:3      | Reached skill level 2 in Spellcasting
  2553 | D:3      | Found a faded altar of an unknown god.
  2661 | D:3      | You pick up a book of Displacement and begin reading...
  2661 | D:3      | You add the spells Lesser Beckoning, Gell's Gravitas and
                  | Teleport Other to your library.
  2874 | D:4      | Noticed a lemure
  2874 | D:4      | Noticed a lemure
  2891 | D:4      | Killed a lemure
  2893 | D:4      | Noticed a lemure
  2893 | D:4      | Noticed Pikel
  2896 | D:4      | Noticed a lemure
  2909 | D:4      | HP: 8/38 [Pikel/+0 whip of electrocution (7)]
  2924 | D:4      | Killed Pikel
  2925 | D:4      | Reached skill level 5 in Ranged Weapons
  2925 | D:4      | Reached skill level 4 in Dodging
  2925 | D:4      | Reached skill level 3 in Spellcasting
  2925 | D:4      | Gained mutation: You regenerate magic rapidly. [demonic
                  | ancestry]
  2925 | D:4      | Reached XP level 6. HP: 23/44 MP: 8/11
  2925 | D:4      | Reached XP level 7. HP: 26/50 MP: 8/12
  3116 | D:4      | Found a shimmering blue altar of Sif Muna.
  3122 | D:4      | Reached skill level 4 in Spellcasting
  3126 | D:4      | Found a shadowy altar of Dithmenos.
  3267 | D:4      | You fall into a shaft and drop 3 floors!
  3338 | D:7      | Found an opulent altar of Gozag.
  3357 | D:7      | Became a worshipper of Gozag Ym Sagoz the Greedy
  3367 | D:7      | Noticed a steam dragon
  3378 | D:7      | Killed a steam dragon
  3379 | D:7      | Reached skill level 6 in Ranged Weapons
  3379 | D:7      | Reached skill level 5 in Dodging
  3468 | D:7      | Noticed a steam dragon
  3473 | D:7      | Killed a steam dragon
  3474 | D:7      | Gained mutation: Spells you cast may paralyse nearby
                  | enemies. [demonic ancestry]
  3474 | D:7      | Reached XP level 8. HP: 45/56 MP: 14/14
  3574 | D:7      | Noticed Maurice
  3574 | D:7      | Noticed a hornet
  3581 | D:7      | Maurice stole a +1 shortbow
  3585 | D:7      | Maurice stole a ring of fire
  3594 | D:7      | Killed Maurice
  3595 | D:7      | Reached skill level 5 in Spellcasting
  3597 | D:7      | HP: 13/56 [hornet (9)]
  3598 | D:7      | Killed a hornet
  3599 | D:7      | Reached skill level 7 in Ranged Weapons
  3599 | D:7      | Reached skill level 6 in Dodging
  3643 | D:7      | HP: 13/54 [wight/+0 long sword (10)]
  3650 | D:7      | HP: 18/76 [wight/+0 long sword (4)]
  3755 | D:7      | Reached XP level 9. HP: 52/59 MP: 17/17
  3854 | D:7      | Found a flagged portal.
  3883 | D:7      | Reached skill level 6 in Spellcasting
  3895 | D:7      | You add the spells Tukima's Dance, Passage of Golubria and
                  | Yara's Violent Unravelling to your library.
  3910 | D:7      | Noticed Maggie
  3928 | D:7      | HP: 11/60 [Maggie/+0 scimitar (7)]
  3930 | D:7      | HP: 1/60 [Maggie/+0 scimitar (12)]
  3934 | D:7      | Killed Maggie
  3966 | Bailey   | Entered a bailey
  4139 | Bailey   | HP: 19/91 [orc warrior/+0 battleaxe (14)]
  4141 | Bailey   | HP: 6/91 [orc warrior/+0 war axe (11)]
  4142 | Bailey   | Slain by an orc warrior

Vanquished Creatures
  Pikel (D:4)
  Maurice (D:7)
  Maggie (D:7)
  A hornet (D:7)
  2 steam dragons (D:7)
  An orc warrior (Bailey)
  2 black bears
  A lemure (D:4)
  A phantom (D:7)
  2 kobold brigands (Bailey)
  A bullfrog (D:7)
  5 wights (D:7)
  A gnoll bouda (D:7)
  2 iguanas
  Terence (D:2)
  An orc wizard (D:4)
  8 gnolls
  3 adders (D:2)
  A shadow imp (D:7)
  2 worms
  A dart slug (D:3)
  3 orcs (D:4)
  6 ball pythons
  3 bats
  7 endoplasms
  9 goblins
  8 hobgoblins
  10 kobolds
  3 quokkas
  5 frilled lizards
  9 rats
102 creatures vanquished.

Vanquished Creatures (others)
  An orc warrior (Bailey)
  2 kobold brigands (Bailey)
  2 kobolds (Bailey)
5 creatures vanquished.

Grand Total: 107 creatures vanquished

Table legend:
 A = Non-vault XP
 B = Vault XP
 C = Vault XP percentage of total XP
 D = Non-vault monster count
 E = Vault monster count
 F = Vault count percentage of total count
                 A         B        C        D         E       F
            +---------+---------+-------+---------+---------+-------
      Total |    1771 |    1949 |  52.4 |      77 |      25 |  24.5
            +---------+---------+-------+---------+---------+-------
        D:1 |      24 |       0 |   0.0 |      16 |       0 |   0.0
        D:2 |      65 |      69 |  51.5 |      14 |       7 |  33.3
        D:3 |      55 |       0 |   0.0 |      19 |       0 |   0.0
        D:4 |     177 |     678 |  79.3 |      10 |       6 |  37.5
        D:7 |    1450 |     866 |  37.4 |      18 |       2 |  10.0
     Bailey |       0 |     336 | 100.0 |       0 |      10 | 100.0
            +---------+---------+-------+---------+---------+-------

Skill      XL: |  1  2  3  4  5  6  7  8  9 |
---------------+----------------------------+-----
Dodging        | 2 3 4 5 6 |  6.9
Ranged Weapons | 4 5 6 7 |  7.8
Spellcasting   | 1 3 4 5 6 |  6.4
Fighting       | |  2.0
Stealth        | |  0.8

Action                     |  1- 3 |  4- 6 |  7- 9 || total
---------------------------+-------+-------+-------++-------
  Melee: Dagger            |       |    40 |   103 ||   143
         Punch             |       |     1 |     6 ||     7
   Fire: Shortbow          |    62 |   160 |   122 ||   344
  Evoke: Wand              |       |       |    15 ||    15
    Use: Scroll            |     6 |     4 |     6 ||    16
         Potion            |       |     1 |     7 ||     8
   Stab: Sleeping          |       |       |     1 ||     1
 Armour: Leather armour    |     9 |    66 |    86 ||   161
         Skin              |       |    32 |     5 ||    37
         Acid dragon scale |       |       |    36 ||    36
  Dodge: Dodged            |     9 |    78 |   174 ||   261

Illustrated notes

Table legend:
 A = Kills in this place as a percentage of kills in the entire game.
 B = Kills by you in this place as a percentage of kills by you in the entire game.
 C = Kills by friends in this place as a percentage of kills by friends in the entire game.
 D = Other kills in this place as a percentage of other kills in the entire game.
 E = Experience gained in this place as a percentage of experience gained in the entire game.
 F = Experience gained in this place divided by the number of levels of this place that you have seen.
                   A       B       C       D       E      F
               +-------+-------+-------+-------+-------+----------------------
         Total | 100.0 | 100.0 |   N/A | 100.0 | 100.0 | 620.0
       Dungeon |  90.2 |  91.1 |   N/A |   0.0 |  91.0 | 676.8
        Bailey |   9.8 |   8.9 |   N/A | 100.0 |   9.0 | 336.0
               +-------+-------+-------+-------+-------+----------------------

Table legend: (Time is in decaauts)
 A = Elapsed time spent in this place.
 B = Non-inter-level travel time spent in this place.
 C = Inter-level travel time spent in this place.
 D = Time resting spent in this place.
 E = Time spent auto-exploring this place.
 F = Levels seen in this place.
 G = Mean time per level.
                   A        B        C        D        E       F      G
               +--------+--------+--------+--------+--------+-----+--------+
         Total |   4193 |   4083 |    110 |    113 |   2902 |   6 |  698.8 |
       Dungeon |   4012 |   3902 |    110 |    113 |   2885 |   5 |  802.4 |
        Bailey |    180 |    180 |      0 |      0 |     17 |   1 |  180.0 |
               +--------+--------+--------+--------+--------+-----+--------+

Top non-repeatable levels by time:
     D:2: 1237 daAuts
     D:1: 889 daAuts
     D:7: 698 daAuts
     D:3: 627 daAuts
     D:4: 559 daAuts
  Bailey: 180 daAuts
